Oilers vs Jets
(R1)
Created - October 26, 2023 at 19:32
Goals
|
Oilers |
1 |
0 |
0 |
1 |
Jets |
1 |
0 |
1 |
2 |
|
Shots
|
Oilers |
9 |
9 |
8 |
26 |
Jets |
7 |
12 |
11 |
30 |
|
1st period
1. Jets , Ryan Johansen 1 (Anthony Mantha 4, Viktor Arvidsson 1) at 12:27
2. Oilers , Ryan Nugent-Hopkins 1 (Zach Hyman 3) at 17:52 (PP)
Penalties :
Marcus Kruger (Edm) for Hooking (Minor) at 2:18, Leon Draisaitl (Edm) for Cross-checking (Minor) at 7:42, Adam Larsson (Win) for Roughing (Minor) at 14:17, Ryan Johansen (Win) for Hooking (Minor) at 17:22, Dalton Prout (Edm) for Hooking (Minor) at 19:22
2nd period
No Goal
Penalties :
Mattias Ekholm (Edm) for Tripping (Minor) at 2:35, Leon Draisaitl (Edm) for Tripping (Minor) at 6:03, Tyler Toffoli (Win) for Hooking (Minor) at 6:11, Leon Draisaitl (Edm) for Holding (Minor) at 11:32
3rd period
3. Jets , Viktor Arvidsson 3 (Dougie Hamilton 4, Sam Reinhart 1) at 15:02
Penalties :
Viktor Arvidsson (Win) for Goalie Interference (Minor) at 0:22, Mattias Ekholm (Edm) for Tripping (Minor) at 3:58, Mirco Mueller (Win) for Tripping (Minor) at 18:28
Goalie Stats
Carter Hart (Edm), 28 saves from 30 shots - (0.933), L, 3-3-0, 58:46 minutes
Jacob Markstrom (Win), 25 saves from 26 shots - (0.962), W, 3-2-1, 60:00 minutes
Players Stats for Oilers
Player Name G A P +/- PIM S H SB GA TA FO MP PP MP PK MP
------------------------------------------------------------------------------------
Anton Slepyshev 0 0 0 0 0 0 1 1 0 2 0/1 12:47 0:06 3:18
Brady Skjei 0 0 0 0 0 5 2 2 1 2 0/0 27:32 4:50 4:21
Cam Barker 0 0 0 -1 0 2 0 1 1 0 0/0 19:37 0:00 4:54
Connor Brown 0 0 0 -2 0 2 1 0 1 0 3/3 16:34 3:35 0:00
Connor McDavid 0 0 0 -2 0 2 1 1 2 0 15/27 22:02 3:35 4:16
Dalton Prout 0 0 0 -1 2 1 0 3 0 0 0/0 21:50 1:17 5:40
Darnell Nurse 0 0 0 0 0 3 1 0 2 2 0/0 24:25 0:08 6:38
Frederik Gauthier 0 0 0 0 0 0 1 1 0 0 4/8 10:14 0:06 0:58
Jake Virtanen 0 0 0 0 0 1 0 1 0 0 0/0 6:17 0:00 0:00
Leon Draisaitl 0 0 0 -2 6 1 0 0 1 2 1/3 21:59 3:41 4:26
Marcus Kruger 0 0 0 0 2 1 0 0 0 0 1/1 11:57 0:00 0:00
Marcus Pettersson 0 0 0 -1 0 0 0 0 0 0 0/0 16:13 4:42 2:31
Mark Jankowski 0 0 0 0 0 0 0 0 0 0 1/5 6:33 0:00 0:10
Marko Dano 0 0 0 0 0 3 0 1 2 0 3/3 17:23 2:26 4:12
Mattias Ekholm 0 0 0 -1 4 1 2 0 0 0 0/0 11:24 1:17 0:00
Roope Hintz 0 0 0 0 0 0 0 0 1 0 0/0 6:23 0:00 0:06
Ryan Nugent-Hopkins 1 0 1 0 0 3 2 0 0 0 10/21 21:40 2:26 6:38
Zach Hyman 0 1 1 0 0 1 1 0 0 0 0/0 11:10 2:26 0:00
Players Stats for Jets
Player Name G A P +/- PIM S H SB GA TA FO MP PP MP PK MP
------------------------------------------------------------------------------------
Adam Larsson 0 0 0 2 2 3 2 2 0 3 0/0 27:52 6:46 2:59
Alex Galchenyuk 0 0 0 0 0 6 1 0 0 0 0/1 19:37 6:40 0:19
Alexander Wennberg 0 0 0 0 0 1 1 2 0 1 8/16 14:59 1:24 3:59
Anthony Mantha 0 1 1 2 0 2 1 0 1 3 0/0 21:43 4:17 4:04
Dougie Hamilton 0 1 1 2 0 1 2 4 1 1 0/0 29:00 6:46 4:41
Frank Vatrano 0 0 0 0 0 0 2 2 0 0 0/0 11:07 0:56 1:41
Kyle Connor 0 0 0 0 0 0 1 0 1 0 0/0 6:48 0:00 0:00
Marco Scandella 0 0 0 0 0 0 0 1 1 0 0/0 13:25 0:00 2:05
Max Domi 0 0 0 0 0 0 0 1 0 0 9/21 16:28 5:01 0:27
Mirco Mueller 0 0 0 0 2 1 1 1 0 1 0/0 12:02 0:00 0:00
Noel Acciari 0 0 0 0 0 1 1 0 0 1 6/9 8:34 0:00 1:41
Ryan Johansen 1 0 1 2 2 2 2 0 0 0 9/23 20:00 5:34 0:00
Ryan Murray 0 0 0 0 0 1 1 2 1 0 0/0 18:57 5:16 1:26
Sam Reinhart 0 1 1 0 0 1 0 0 0 0 0/0 12:21 5:19 0:00
Troy Stetcher 0 0 0 0 0 1 2 0 0 0 0/0 12:36 0:00 1:03
Tyler Seguin 0 0 0 0 0 3 2 0 1 0 1/1 16:26 5:01 0:03
Tyler Toffoli 0 0 0 0 2 0 1 1 1 0 0/0 16:01 6:35 0:00
Viktor Arvidsson 1 1 2 2 2 7 0 0 1 1 1/1 14:01 0:34 0:00
3 Stars
1 - Viktor Arvidsson (Win)
2 - Jacob Markstrom (Win)
3 - Dougie Hamilton (Win)
Power Play
Oilers - 1 on 5 Attempt(s) - 20.00%
Jets - 0 on 7 Attempt(s) - 0.00%
Penalty Kill
Oilers - 7 on 7 Attempt(s) - 100.00%
- Score 0 goal in Penalty Kill
Jets - 4 on 5 Attempt(s) - 80.00%
- Score 0 goal in Penalty Kill
Team Stat
Oilers - Hits : 12 - Faceoff Wins : 38 - Blocked Shots : 11 - Penalty Minutes : 14
Jets - Hits : 20 - Faceoff Wins : 34 - Blocked Shots : 16 - Penalty Minutes : 10
Official
Referees : Brandon Schrader and Ghislain Hebert
Linesman : Travis Gawryletz and Julien Fournier
Game Notes
No Game Note
Finance
Level 1 -- Attendance: 6000 (100.00%) -- Ticket Income $600,000
Level 2 -- Attendance: 5000 (100.00%) -- Ticket Income $300,000
Level 3 -- Attendance: 2000 (100.00%) -- Ticket Income $70,000
Level 4 -- Attendance: 3983 (99.58%) -- Ticket Income $99,575
Luxury Box -- Attendance: 980 (98.00%) -- Ticket Income $196,000
Game was played at the Bell MTS Place.
Total Attendance: 17963 (99.79%)
Total Ticket Income: $1,265,575
Other Income: $189,836
Total Income: $1,455,411
Oilers
5 vs 5 Forward
Center Left Wing Right Wing Time % Phy DF OF
1 Connor McDavid Leon Draisaitl Connor Brown 40 1 2 2
2 Ryan Nugent-Hopkins Marko Dano Marcus Kruger 30 1 2 2
3 Frederik Gauthier Anton Slepyshev Zach Hyman 20 1 2 2
4 Mark Jankowski Roope Hintz Jake Virtanen 10 1 2 2
5 vs 5 Defense
Defense Defense Time % Phy DF OF
1 Brady Skjei Darnell Nurse 40 1 2 2
2 Cam Barker Dalton Prout 30 1 2 2
3 Marcus Pettersson Mattias Ekholm 20 1 2 2
4 Brady Skjei Darnell Nurse 10 1 2 2
PowerPlay Forward
Center Left Wing Right Wing Time % Phy DF OF
1 Connor McDavid Leon Draisaitl Connor Brown 60 1 2 2
2 Ryan Nugent-Hopkins Marko Dano Zach Hyman 40 1 2 2
PowerPlay Defense
Defense Defense Time % Phy DF OF
1 Brady Skjei Marcus Pettersson 60 1 2 2
2 Mattias Ekholm Dalton Prout 40 1 2 2
Penalty Kill 4 Players Forward
Center Wing Time % Phy DF OF
1 Ryan Nugent-Hopkins Leon Draisaitl 60 1 2 2
2 Connor McDavid Marko Dano 40 1 2 2
Penalty Kill 4 Players Defense
Defense Defense Time % Phy DF OF
1 Dalton Prout Darnell Nurse 60 1 2 2
2 Cam Barker Brady Skjei 40 1 2 2
Penalty Kill - 3 Players Forward
Forward Time % Phy DF OF
1 Connor McDavid 60 1 2 2
2 Ryan Nugent-Hopkins 40 1 2 2
Penalty Kill - 3 Players Defense
Defense Defense Time % Phy DF OF
1 Brady Skjei Darnell Nurse 60 1 2 2
2 Cam Barker Dalton Prout 40 1 2 2
4 vs 4 Forward
Center Wing Time % Phy DF OF
1 Connor McDavid Leon Draisaitl 60 1 2 2
2 Ryan Nugent-Hopkins Marko Dano 40 1 2 2
4 vs 4 Defense
Defense Defense Time % Phy DF OF
1 Brady Skjei Darnell Nurse 60 1 2 2
2 Cam Barker Dalton Prout 40 1 2 2
Last Minutes Offensive
Center Left Wing Right Wing Defense Defense
Connor McDavid Leon Draisaitl Connor Brown Brady Skjei Darnell Nurse
Last Minutes Defensive
Center Left Wing Right Wing Defense Defense
Connor McDavid Leon Draisaitl Connor Brown Brady Skjei Darnell Nurse
Goaltenders
Starting : Carter Hart
Backup : Mikko Koskinen
Extra Forwards
Normal : Ryan Nugent-Hopkins, Marcus Kruger, Zach Hyman - PP : Ryan Nugent-Hopkins, Marcus Kruger - PK : Ryan Nugent-Hopkins
Extra Defensemen
Normal : Dalton Prout, Marcus Pettersson, Mattias Ekholm - PP : Dalton Prout - PK : Dalton Prout, Marcus Pettersson
Penalty Shots
Connor McDavid, Connor Brown, Leon Draisaitl, Marko Dano, Ryan Nugent-Hopkins
Custom OT Lines Forwards
Connor McDavid, Connor Brown, Leon Draisaitl, Marko Dano, Ryan Nugent-Hopkins, Marcus Kruger, Zach Hyman, Frederik Gauthier, Jake Virtanen, Anton Slepyshev
Custom OT Lines Defensemen
Brady Skjei, Darnell Nurse, Cam Barker, Dalton Prout, Marcus Pettersson
Scratches
None
Jets
5 vs 5 Forward
Center Left Wing Right Wing Time % Phy DF OF
1 Max Domi Alex Galchenyuk Tyler Seguin 35 1 2 2
2 Ryan Johansen Anthony Mantha Viktor Arvidsson 35 1 2 2
3 Alexander Wennberg Frank Vatrano Tyler Toffoli 20 1 2 2
4 Noel Acciari Kyle Connor Sam Reinhart 10 1 2 2
5 vs 5 Defense
Defense Defense Time % Phy DF OF
1 Adam Larsson Dougie Hamilton 40 1 2 2
2 Ryan Murray Marco Scandella 30 1 2 2
3 Troy Stetcher Mirco Mueller 30 1 2 2
4 Adam Larsson Dougie Hamilton 0 1 2 2
PowerPlay Forward
Center Left Wing Right Wing Time % Phy DF OF
1 Ryan Johansen Alex Galchenyuk Tyler Toffoli 55 1 0 4
2 Max Domi Anthony Mantha Tyler Seguin 45 1 0 4
PowerPlay Defense
Defense Defense Time % Phy DF OF
1 Adam Larsson Dougie Hamilton 60 0 1 4
2 Sam Reinhart Ryan Murray 40 0 1 4
Penalty Kill 4 Players Forward
Center Wing Time % Phy DF OF
1 Alexander Wennberg Anthony Mantha 60 1 2 2
2 Noel Acciari Frank Vatrano 40 1 2 2
Penalty Kill 4 Players Defense
Defense Defense Time % Phy DF OF
1 Adam Larsson Dougie Hamilton 60 1 3 1
2 Ryan Murray Marco Scandella 40 1 3 1
Penalty Kill - 3 Players Forward
Forward Time % Phy DF OF
1 Ryan Johansen 60 0 4 1
2 Noel Acciari 40 0 4 1
Penalty Kill - 3 Players Defense
Defense Defense Time % Phy DF OF
1 Adam Larsson Dougie Hamilton 60 1 4 0
2 Ryan Murray Marco Scandella 40 1 4 0
4 vs 4 Forward
Center Wing Time % Phy DF OF
1 Ryan Johansen Alex Galchenyuk 60 1 2 2
2 Max Domi Tyler Seguin 40 1 2 2
4 vs 4 Defense
Defense Defense Time % Phy DF OF
1 Adam Larsson Dougie Hamilton 60 1 2 2
2 Ryan Murray Marco Scandella 40 1 2 2
Last Minutes Offensive
Center Left Wing Right Wing Defense Defense
Ryan Johansen Alex Galchenyuk Tyler Seguin Adam Larsson Dougie Hamilton
Last Minutes Defensive
Center Left Wing Right Wing Defense Defense
Ryan Johansen Anthony Mantha Tyler Toffoli Adam Larsson Marco Scandella
Goaltenders
Starting : Jacob Markstrom
Backup : Elvis Merzlikins
Extra Forwards
Normal : Viktor Arvidsson, Anthony Mantha, Alexander Wennberg - PP : Viktor Arvidsson, Anthony Mantha - PK : Viktor Arvidsson
Extra Defensemen
Normal : Marco Scandella, Troy Stetcher, Mirco Mueller - PP : Marco Scandella - PK : Marco Scandella, Troy Stetcher
Penalty Shots
Tyler Seguin, Alex Galchenyuk, Ryan Johansen, Tyler Toffoli, Viktor Arvidsson
Custom OT Lines Forwards
Tyler Seguin, Alex Galchenyuk, Ryan Johansen, Tyler Toffoli, Viktor Arvidsson, Anthony Mantha, Alexander Wennberg, Max Domi, Kyle Connor, Sam Reinhart
Custom OT Lines Defensemen
Adam Larsson, Dougie Hamilton, Ryan Murray, Marco Scandella, Troy Stetcher
Scratches
None
% Time on Ice - Oilers
Lines # - Real PCT - Wanted PCT - Time Play
Normal Forward
1 - 36% - 40% - 14:22
2 - 27% - 30% - 10:45
3 - 22% - 20% - 8:36
4 - 16% - 10% - 6:17
Normal Defense
1 - 42% - 40% - 16:42
2 - 35% - 30% - 14:01
3 - 23% - 20% - 9:00
4 - 1% - 10% - 0:17
PP Forward
1 - 60% - 60% - 3:41
2 - 40% - 40% - 2:26
PP Defense
1 - 79% - 60% - 4:50
2 - 21% - 40% - 1:17
PK Forward
1 - 72% - 60% - 8:39
2 - 28% - 40% - 3:23
PK Defense
1 - 59% - 60% - 7:08
2 - 41% - 40% - 4:54
PK3 Forward
1 - 0% - 60%
2 - 0% - 40%
PK3 Defense
1 - 0% - 60%
2 - 0% - 40%
44 Forward
1 - 100% - 60% - 1:51
2 - 0% - 40% - 0:00
44 Defense
1 - 62% - 60% - 1:09
2 - 38% - 40% - 0:42
Last Minute Offensive - 0:00
Last Minute Defensive - 0:00
Total
Forward - 60:00
Defense - 60:00
|
% Time on Ice - Jets
Lines # - Real PCT - Wanted PCT - Time Play
Normal Forward
1 - 31% - 35% - 12:15
2 - 32% - 35% - 12:37
3 - 21% - 20% - 8:20
4 - 17% - 10% - 6:48
Normal Defense
1 - 42% - 40% - 16:49
2 - 29% - 30% - 11:38
3 - 29% - 30% - 11:33
4 - 0% - 0% - 0:00
PP Forward
1 - 58% - 55% - 6:58
2 - 42% - 45% - 5:04
PP Defense
1 - 56% - 60% - 6:46
2 - 44% - 40% - 5:16
PK Forward
1 - 72% - 60% - 4:23
2 - 28% - 40% - 1:44
PK Defense
1 - 77% - 60% - 4:41
2 - 23% - 40% - 1:26
PK3 Forward
1 - 0% - 60%
2 - 0% - 40%
PK3 Defense
1 - 0% - 60%
2 - 0% - 40%
44 Forward
1 - 70% - 60% - 1:18
2 - 30% - 40% - 0:33
44 Defense
1 - 67% - 60% - 1:14
2 - 33% - 40% - 0:37
Last Minute Offensive - 0:00
Last Minute Defensive - 0:00
Total
Forward - 60:00
Defense - 60:00
|
Play-by-Play
1st period
0:01 of 1st period - Max Domi wins face-off versus Connor McDavid in neutral zone.
0:50 of 1st period - Frederik Gauthier is hit by Frank Vatrano and loses puck.
1:31 of 1st period - Icing by Kyle Connor.
1:32 of 1st period - Max Domi wins face-off versus Connor McDavid in Jets zone.
2:01 of 1st period - Wrist shot by Viktor Arvidsson.
2:01 of 1st period - Stopped by Carter Hart without a rebound.
2:02 of 1st period - Viktor Arvidsson wins face-off versus Ryan Nugent-Hopkins in Oilers zone.
2:18 of 1st period - Minor Penalty to Marcus Kruger for Hooking.
2:19 of 1st period - Ryan Johansen wins face-off versus Leon Draisaitl in Oilers zone.
2:19 of 1st period - Wrist shot by Alex Galchenyuk.
2:19 of 1st period - Shot Misses the Net.
2:21 of 1st period - Slapshot by Adam Larsson.
2:21 of 1st period - Stopped by Carter Hart with a rebound.
2:23 of 1st period - Slapshot by Adam Larsson.
2:23 of 1st period - Deflect By Ryan Johansen.
2:23 of 1st period - Stopped by Carter Hart with a rebound.
2:25 of 1st period - Snap shot by Tyler Toffoli.
2:25 of 1st period - Shot Misses the Net.
4:18 of 1st period - Penalty to Marcus Kruger is over, Marcus Kruger is back on ice.
4:29 of 1st period - Wrist shot by Viktor Arvidsson.
4:29 of 1st period - Shot Misses the Net.
4:43 of 1st period - Ryan Murray is hit by Mattias Ekholm and loses puck.
4:52 of 1st period - Snap shot by Zach Hyman.
4:52 of 1st period - Stopped by Jacob Markstrom without a rebound.
4:53 of 1st period - Ryan Johansen wins face-off versus Connor McDavid in Jets zone.
5:15 of 1st period - Icing by Cam Barker.
5:16 of 1st period - Frederik Gauthier wins face-off versus Max Domi in Oilers zone.
5:16 of 1st period - Frederik Gauthier is hit by Dougie Hamilton.
5:46 of 1st period - Snap shot by Marko Dano.
5:46 of 1st period - Shot Misses the Net.
5:48 of 1st period - Snap shot by Marko Dano.
5:48 of 1st period - Stopped by Jacob Markstrom without a rebound.
5:49 of 1st period - Leon Draisaitl wins face-off versus Ryan Johansen in Jets zone.
5:58 of 1st period - Snap shot by Viktor Arvidsson.
5:58 of 1st period - Deflect By Ryan Johansen.
5:58 of 1st period - Shot Blocked by Brady Skjei.
5:58 of 1st period - Puck is out of play.
5:59 of 1st period - Connor McDavid wins face-off versus Ryan Johansen in Oilers zone.
6:30 of 1st period - Snap shot by Connor Brown.
6:30 of 1st period - Shot Misses the Net.
7:03 of 1st period - Wrist shot by Viktor Arvidsson.
7:03 of 1st period - Stopped by Carter Hart with a rebound.
7:42 of 1st period - Minor Penalty to Leon Draisaitl for Cross-checking.
7:43 of 1st period - Ryan Nugent-Hopkins wins face-off versus Alexander Wennberg in Oilers zone.
7:43 of 1st period - Ryan Nugent-Hopkins is hit by Tyler Toffoli.
8:09 of 1st period - Ryan Nugent-Hopkins is hit by Adam Larsson and loses puck.
9:35 of 1st period - Icing by Ryan Murray.
9:36 of 1st period - Max Domi wins face-off versus Mark Jankowski in Jets zone.
9:42 of 1st period - Penalty to Leon Draisaitl is over, Leon Draisaitl is back on ice.
9:50 of 1st period - Off-side.
9:51 of 1st period - Noel Acciari wins face-off versus Mark Jankowski in neutral zone.
10:02 of 1st period - Slapshot by Noel Acciari.
10:02 of 1st period - Shot Misses the Net.
11:24 of 1st period - Slapshot by Marko Dano.
11:24 of 1st period - Shot Misses the Net.
11:26 of 1st period - Snap shot by Cam Barker.
11:26 of 1st period - Stopped by Jacob Markstrom with a rebound.
11:28 of 1st period - Snap shot by Ryan Nugent-Hopkins.
11:28 of 1st period - Shot Blocked by Ryan Murray.
11:30 of 1st period - Slapshot by Cam Barker.
11:30 of 1st period - Stopped by Jacob Markstrom without a rebound.
11:31 of 1st period - Ryan Nugent-Hopkins wins face-off versus Max Domi in Jets zone.
11:58 of 1st period - Mattias Ekholm is hit by Alexander Wennberg and loses puck.
12:07 of 1st period - Wrist shot by Anton Slepyshev.
12:07 of 1st period - Shot Misses the Net.
12:21 of 1st period - Slapshot by Ryan Johansen.
12:21 of 1st period - Shot Misses the Net.
12:23 of 1st period - Backhand shot by Anthony Mantha.
12:23 of 1st period - Stopped by Carter Hart with a rebound.
12:25 of 1st period - Wrist shot by Ryan Johansen.
12:25 of 1st period - Shot Blocked by Connor McDavid.
12:27 of 1st period - Wrist shot by Ryan Johansen.
12:27 of 1st period - Goal by Ryan Johansen - Oilers : 0 - Jets : 1.
12:28 of 1st period - Ryan Nugent-Hopkins wins face-off versus Max Domi in neutral zone.
12:31 of 1st period - Snap shot by Marko Dano.
12:31 of 1st period - Stopped by Jacob Markstrom without a rebound.
12:32 of 1st period - Marcus Kruger wins face-off versus Max Domi in Jets zone.
13:04 of 1st period - Slapshot by Dougie Hamilton.
13:04 of 1st period - Deflect By Ryan Johansen.
13:04 of 1st period - Shot Misses the Net.
13:04 of 1st period - Puck is out of play.
13:05 of 1st period - Connor McDavid wins face-off versus Alexander Wennberg in Oilers zone.
13:09 of 1st period - Off-side.
13:10 of 1st period - Alexander Wennberg wins face-off versus Connor McDavid in neutral zone.
13:12 of 1st period - Off-side.
13:13 of 1st period - Connor McDavid wins face-off versus Alexander Wennberg in neutral zone.
14:00 of 1st period - Wrist shot by Leon Draisaitl.
14:00 of 1st period - Deflect By Connor Brown.
14:00 of 1st period - Shot Misses the Net.
14:00 of 1st period - Puck is out of play.
14:01 of 1st period - Ryan Nugent-Hopkins wins face-off versus Max Domi in Jets zone.
14:08 of 1st period - Snap shot by Ryan Nugent-Hopkins.
14:08 of 1st period - Stopped by Jacob Markstrom without a rebound.
14:09 of 1st period - Ryan Nugent-Hopkins wins face-off versus Alex Galchenyuk in Jets zone.
14:10 of 1st period - Slapshot by Marko Dano.
14:10 of 1st period - Deflect By Marcus Kruger.
14:10 of 1st period - Shot Blocked by Dougie Hamilton.
14:10 of 1st period - Puck is out of play.
14:11 of 1st period - Ryan Nugent-Hopkins wins face-off versus Max Domi in Jets zone.
14:17 of 1st period - Minor Penalty to Adam Larsson for Roughing.
14:18 of 1st period - Connor McDavid wins face-off versus Alexander Wennberg in Jets zone.
14:20 of 1st period - Wrist shot by Connor Brown.
14:20 of 1st period - Stopped by Jacob Markstrom without a rebound.
14:21 of 1st period - Connor Brown wins face-off versus Alexander Wennberg in Jets zone.
14:48 of 1st period - Anthony Mantha is hit by Brady Skjei and loses puck.
15:16 of 1st period - Troy Stetcher is hit by Brady Skjei and loses puck.
15:33 of 1st period - Wrist shot by Brady Skjei.
15:33 of 1st period - Shot Misses the Net.
15:59 of 1st period - Backhand shot by Marko Dano.
15:59 of 1st period - Stopped by Jacob Markstrom without a rebound.
16:00 of 1st period - Noel Acciari wins face-off versus Connor McDavid in Jets zone.
16:17 of 1st period - Penalty to Adam Larsson is over, Adam Larsson is back on ice.
17:05 of 1st period - Cam Barker is hit by Mirco Mueller and loses puck.
17:22 of 1st period - Minor Penalty to Ryan Johansen for Hooking.
17:23 of 1st period - Alexander Wennberg wins face-off versus Connor McDavid in Jets zone.
17:34 of 1st period - Wrist shot by Leon Draisaitl.
17:34 of 1st period - Shot Misses the Net.
17:52 of 1st period - Snap shot by Ryan Nugent-Hopkins.
17:52 of 1st period - Deflect By Noel Acciari.
17:52 of 1st period - Goal by Ryan Nugent-Hopkins - Oilers : 1 - Jets : 1.
17:53 of 1st period - Marko Dano wins face-off versus Max Domi in neutral zone.
18:08 of 1st period - Ryan Nugent-Hopkins is hit by Tyler Seguin and loses puck.
19:10 of 1st period - Slapshot by Sam Reinhart.
19:10 of 1st period - Shot Blocked by Jake Virtanen.
19:12 of 1st period - Wrist shot by Sam Reinhart.
19:12 of 1st period - Stopped by Carter Hart with a rebound.
19:22 of 1st period - Minor Penalty to Dalton Prout for Hooking.
19:23 of 1st period - Ryan Nugent-Hopkins wins face-off versus Ryan Johansen in Oilers zone.
19:40 of 1st period - Tyler Toffoli is hit by Darnell Nurse and loses puck.
Goals for this period are 1 for Oilers vs 1 for Jets.
Shots for this period are 9 for Oilers vs 7 for Jets.
2nd period
0:01 of 2nd period - Ryan Johansen wins face-off versus Ryan Nugent-Hopkins in neutral zone.
1:02 of 2nd period - Brady Skjei is hit by Adam Larsson.
1:22 of 2nd period - Penalty to Dalton Prout is over, Dalton Prout is back on ice.
1:57 of 2nd period - Snap shot by Alex Galchenyuk.
1:57 of 2nd period - Stopped by Carter Hart with a rebound.
1:59 of 2nd period - Snap shot by Alex Galchenyuk.
1:59 of 2nd period - Stopped by Carter Hart with a rebound.
2:05 of 2nd period - Snap shot by Alex Galchenyuk.
2:05 of 2nd period - Stopped by Carter Hart with a rebound.
2:07 of 2nd period - Snap shot by Dougie Hamilton.
2:07 of 2nd period - Shot Misses the Net.
2:09 of 2nd period - Slapshot by Dougie Hamilton.
2:09 of 2nd period - Stopped by Carter Hart without a rebound.
2:10 of 2nd period - Frederik Gauthier wins face-off versus Noel Acciari in Oilers zone.
2:26 of 2nd period - Snap shot by Noel Acciari.
2:26 of 2nd period - Stopped by Carter Hart without a rebound.
2:27 of 2nd period - Mark Jankowski wins face-off versus Noel Acciari in Oilers zone.
2:35 of 2nd period - Minor Penalty to Mattias Ekholm for Tripping.
2:36 of 2nd period - Max Domi wins face-off versus Ryan Nugent-Hopkins in Oilers zone.
2:46 of 2nd period - Wrist shot by Tyler Seguin.
2:46 of 2nd period - Stopped by Carter Hart with a rebound.
2:48 of 2nd period - Snap shot by Tyler Seguin.
2:48 of 2nd period - Stopped by Carter Hart with a rebound.
2:52 of 2nd period - Slapshot by Tyler Seguin.
2:52 of 2nd period - Stopped by Carter Hart without a rebound.
2:53 of 2nd period - Ryan Nugent-Hopkins wins face-off versus Max Domi in Oilers zone.
3:06 of 2nd period - Slapshot by Sam Reinhart.
3:06 of 2nd period - Shot Misses the Net.
4:35 of 2nd period - Penalty to Mattias Ekholm is over, Mattias Ekholm is back on ice.
4:35 of 2nd period - Anton Slepyshev is hit by Frank Vatrano and loses puck.
5:49 of 2nd period - Icing by Ryan Nugent-Hopkins.
5:50 of 2nd period - Alexander Wennberg wins face-off versus Connor McDavid in Oilers zone.
6:03 of 2nd period - Minor Penalty to Leon Draisaitl for Tripping.
6:04 of 2nd period - Ryan Johansen wins face-off versus Anton Slepyshev in Oilers zone.
6:11 of 2nd period - Minor Penalty to Tyler Toffoli for Hooking.
6:12 of 2nd period - Connor McDavid wins face-off versus Ryan Johansen in Jets zone.
6:13 of 2nd period - Wrist shot by Ryan Nugent-Hopkins.
6:13 of 2nd period - Shot Misses the Net.
6:15 of 2nd period - Backhand shot by Darnell Nurse.
6:15 of 2nd period - Stopped by Jacob Markstrom without a rebound.
6:16 of 2nd period - Connor McDavid wins face-off versus Ryan Johansen in Jets zone.
6:25 of 2nd period - Snap shot by Brady Skjei.
6:25 of 2nd period - Shot Blocked by Dougie Hamilton.
6:27 of 2nd period - Wrist shot by Brady Skjei.
6:27 of 2nd period - Shot Misses the Net.
6:29 of 2nd period - Snap shot by Brady Skjei.
6:29 of 2nd period - Deflect By Ryan Nugent-Hopkins.
6:29 of 2nd period - Shot Blocked by Dougie Hamilton.
6:29 of 2nd period - Puck is out of play.
6:30 of 2nd period - Connor McDavid wins face-off versus Ryan Johansen in Jets zone.
6:31 of 2nd period - Slapshot by Brady Skjei.
6:31 of 2nd period - Stopped by Jacob Markstrom with a rebound.
7:58 of 2nd period - Snap shot by Frederik Gauthier.
7:58 of 2nd period - Shot Blocked by Marco Scandella.
8:00 of 2nd period - Snap shot by Darnell Nurse.
8:00 of 2nd period - Stopped by Jacob Markstrom with a rebound.
8:03 of 2nd period - Penalty to Leon Draisaitl is over, Leon Draisaitl is back on ice.
8:11 of 2nd period - Penalty to Tyler Toffoli is over, Tyler Toffoli is back on ice.
8:14 of 2nd period - Dougie Hamilton is hit by Connor Brown and loses puck.
9:05 of 2nd period - Snap shot by Anthony Mantha.
9:05 of 2nd period - Deflect By Alexander Wennberg.
9:05 of 2nd period - Stopped by Carter Hart with a rebound.
9:07 of 2nd period - Slapshot by Adam Larsson.
9:07 of 2nd period - Stopped by Carter Hart without a rebound.
9:08 of 2nd period - Max Domi wins face-off versus Frederik Gauthier in Oilers zone.
9:21 of 2nd period - Slapshot by Alex Galchenyuk.
9:21 of 2nd period - Shot Blocked by Frederik Gauthier.
9:23 of 2nd period - Slapshot by Ryan Murray.
9:23 of 2nd period - Stopped by Carter Hart without a rebound.
9:24 of 2nd period - Connor McDavid wins face-off versus Max Domi in Oilers zone.
9:46 of 2nd period - Icing by Dalton Prout.
9:47 of 2nd period - Noel Acciari wins face-off versus Ryan Nugent-Hopkins in Oilers zone.
9:48 of 2nd period - Wrist shot by Sam Reinhart.
9:48 of 2nd period - Shot Blocked by Dalton Prout.
10:02 of 2nd period - Snap shot by Ryan Nugent-Hopkins.
10:02 of 2nd period - Stopped by Jacob Markstrom without a rebound.
10:03 of 2nd period - Connor McDavid wins face-off versus Ryan Johansen in Jets zone.
10:06 of 2nd period - Snap shot by Connor Brown.
10:06 of 2nd period - Deflect By Connor McDavid.
10:06 of 2nd period - Shot Blocked by Adam Larsson.
10:06 of 2nd period - Puck is out of play.
10:07 of 2nd period - Connor McDavid wins face-off versus Ryan Johansen in Jets zone.
10:14 of 2nd period - Slapshot by Connor McDavid.
10:14 of 2nd period - Shot Misses the Net.
10:16 of 2nd period - Slapshot by Darnell Nurse.
10:16 of 2nd period - Stopped by Jacob Markstrom without a rebound.
10:17 of 2nd period - Ryan Johansen wins face-off versus Ryan Nugent-Hopkins in Jets zone.
10:35 of 2nd period - Brady Skjei is hit by Anthony Mantha and loses puck.
11:15 of 2nd period - Leon Draisaitl is hit by Tyler Seguin and loses puck.
11:26 of 2nd period - Snap shot by Alex Galchenyuk.
11:26 of 2nd period - Shot Misses the Net.
11:32 of 2nd period - Minor Penalty to Leon Draisaitl for Holding.
11:33 of 2nd period - Ryan Johansen wins face-off versus Ryan Nugent-Hopkins in Oilers zone.
12:18 of 2nd period - Icing by Dougie Hamilton.
12:19 of 2nd period - Connor McDavid wins face-off versus Ryan Johansen in Jets zone.
12:32 of 2nd period - Wrist shot by Marko Dano.
12:32 of 2nd period - Shot Misses the Net.
12:34 of 2nd period - Slapshot by Darnell Nurse.
12:34 of 2nd period - Shot Misses the Net.
12:36 of 2nd period - Slapshot by Dalton Prout.
12:36 of 2nd period - Stopped by Jacob Markstrom with a rebound.
12:48 of 2nd period - Wrist shot by Anthony Mantha.
12:48 of 2nd period - Stopped by Carter Hart without a rebound.
12:49 of 2nd period - Max Domi wins face-off versus Ryan Nugent-Hopkins in Oilers zone.
13:16 of 2nd period - Sam Reinhart is hit by Connor McDavid and loses puck.
13:32 of 2nd period - Penalty to Leon Draisaitl is over, Leon Draisaitl is back on ice.
13:54 of 2nd period - Off-side.
13:55 of 2nd period - Connor McDavid wins face-off versus Noel Acciari in neutral zone.
14:06 of 2nd period - Wrist shot by Connor McDavid.
14:06 of 2nd period - Shot Misses the Net.
14:08 of 2nd period - Wrist shot by Connor McDavid.
14:08 of 2nd period - Stopped by Jacob Markstrom without a rebound.
14:09 of 2nd period - Ryan Nugent-Hopkins wins face-off versus Ryan Johansen in Jets zone.
14:56 of 2nd period - Off-side.
14:57 of 2nd period - Noel Acciari wins face-off versus Frederik Gauthier in neutral zone.
15:24 of 2nd period - Ryan Murray is hit by Ryan Nugent-Hopkins and loses puck.
15:51 of 2nd period - Snap shot by Connor McDavid.
15:51 of 2nd period - Shot Misses the Net.
15:53 of 2nd period - Snap shot by Leon Draisaitl.
15:53 of 2nd period - Shot Misses the Net.
15:55 of 2nd period - Snap shot by Connor Brown.
15:55 of 2nd period - Deflect By Marco Scandella.
15:55 of 2nd period - Shot Misses the Net.
15:55 of 2nd period - Puck is out of play.
15:56 of 2nd period - Ryan Nugent-Hopkins wins face-off versus Ryan Johansen in Jets zone.
15:59 of 2nd period - Wrist shot by Marko Dano.
15:59 of 2nd period - Shot Misses the Net.
16:01 of 2nd period - Snap shot by Marcus Kruger.
16:01 of 2nd period - Stopped by Jacob Markstrom without a rebound.
16:02 of 2nd period - Marko Dano wins face-off versus Ryan Johansen in Jets zone.
16:29 of 2nd period - Adam Larsson is hit by Anton Slepyshev and loses puck.
16:36 of 2nd period - Snap shot by Frederik Gauthier.
16:36 of 2nd period - Shot Misses the Net.
18:03 of 2nd period - Wrist shot by Zach Hyman.
18:03 of 2nd period - Deflect By Frederik Gauthier.
18:03 of 2nd period - Shot Misses the Net.
18:03 of 2nd period - Puck is out of play.
18:04 of 2nd period - Connor Brown wins face-off versus Max Domi in Jets zone.
18:53 of 2nd period - Ryan Nugent-Hopkins is hit by Troy Stetcher and loses puck.
19:16 of 2nd period - Cam Barker is hit by Ryan Johansen and loses puck.
19:23 of 2nd period - Wrist shot by Ryan Johansen.
19:23 of 2nd period - Shot Blocked by Dalton Prout.
19:35 of 2nd period - Snap shot by Jake Virtanen.
19:35 of 2nd period - Stopped by Jacob Markstrom without a rebound.
19:36 of 2nd period - Noel Acciari wins face-off versus Mark Jankowski in Jets zone.
19:52 of 2nd period - Slapshot by Brady Skjei.
19:52 of 2nd period - Deflect By Jake Virtanen.
19:52 of 2nd period - Shot Misses the Net.
19:52 of 2nd period - Puck is out of play.
19:53 of 2nd period - Connor McDavid wins face-off versus Ryan Johansen in Jets zone.
19:58 of 2nd period - Wrist shot by Connor McDavid.
19:58 of 2nd period - Shot Misses the Net.
Goals for this period are 0 for Oilers vs 0 for Jets.
Shots for this period are 9 for Oilers vs 12 for Jets.
3rd period
0:01 of 3rd period - Ryan Johansen wins face-off versus Connor McDavid in neutral zone.
0:22 of 3rd period - Minor Penalty to Viktor Arvidsson for Goalie Interference.
0:23 of 3rd period - Alexander Wennberg wins face-off versus Connor McDavid in Jets zone.
0:40 of 3rd period - Backhand shot by Leon Draisaitl.
0:40 of 3rd period - Shot Blocked by Adam Larsson.
1:14 of 3rd period - Anthony Mantha is hit by Mattias Ekholm.
1:56 of 3rd period - Marko Dano is hit by Dougie Hamilton and loses puck.
2:22 of 3rd period - Penalty to Viktor Arvidsson is over, Viktor Arvidsson is back on ice.
2:30 of 3rd period - Slapshot by Troy Stetcher.
2:30 of 3rd period - Stopped by Carter Hart with a rebound.
2:32 of 3rd period - Snap shot by Mirco Mueller.
2:32 of 3rd period - Stopped by Carter Hart without a rebound.
2:33 of 3rd period - Max Domi wins face-off versus Mark Jankowski in Oilers zone.
2:42 of 3rd period - Snap shot by Max Domi.
2:42 of 3rd period - Shot Misses the Net.
2:44 of 3rd period - Slapshot by Tyler Seguin.
2:44 of 3rd period - Shot Misses the Net.
3:20 of 3rd period - Off-side.
3:21 of 3rd period - Marko Dano wins face-off versus Ryan Johansen in neutral zone.
3:24 of 3rd period - Dougie Hamilton is hit by Ryan Nugent-Hopkins and loses puck.
3:39 of 3rd period - Snap shot by Ryan Johansen.
3:39 of 3rd period - Shot Blocked by Cam Barker.
3:47 of 3rd period - Snap shot by Ryan Johansen.
3:47 of 3rd period - Shot Misses the Net.
3:49 of 3rd period - Slapshot by Marco Scandella.
3:49 of 3rd period - Shot Misses the Net.
3:51 of 3rd period - Snap shot by Marco Scandella.
3:51 of 3rd period - Deflect By Viktor Arvidsson.
3:51 of 3rd period - Stopped by Carter Hart with a rebound.
3:53 of 3rd period - Slapshot by Marco Scandella.
3:53 of 3rd period - Deflect By Viktor Arvidsson.
3:53 of 3rd period - Shot Misses the Net.
3:53 of 3rd period - Puck is out of play.
3:54 of 3rd period - Max Domi wins face-off versus Connor McDavid in Oilers zone.
3:55 of 3rd period - Wrist shot by Alex Galchenyuk.
3:55 of 3rd period - Stopped by Carter Hart without a rebound.
3:56 of 3rd period - Connor Brown wins face-off versus Max Domi in Oilers zone.
3:58 of 3rd period - Minor Penalty to Mattias Ekholm for Tripping.
3:59 of 3rd period - Ryan Johansen wins face-off versus Ryan Nugent-Hopkins in Oilers zone.
4:33 of 3rd period - Wrist shot by Max Domi.
4:33 of 3rd period - Shot Misses the Net.
4:35 of 3rd period - Slapshot by Adam Larsson.
4:35 of 3rd period - Shot Blocked by Dalton Prout.
4:45 of 3rd period - Marko Dano is hit by Ryan Johansen and loses puck.
5:30 of 3rd period - Brady Skjei is hit by Alex Galchenyuk and loses puck.
5:58 of 3rd period - Penalty to Mattias Ekholm is over, Mattias Ekholm is back on ice.
6:07 of 3rd period - Anton Slepyshev is hit by Kyle Connor.
6:14 of 3rd period - Marcus Kruger is hit by Noel Acciari and loses puck.
7:58 of 3rd period - Snap shot by Jake Virtanen.
7:58 of 3rd period - Shot Blocked by Frank Vatrano.
8:25 of 3rd period - Sam Reinhart is hit by Zach Hyman and loses puck.
9:05 of 3rd period - Wrist shot by Viktor Arvidsson.
9:05 of 3rd period - Stopped by Carter Hart with a rebound.
9:50 of 3rd period - Anthony Mantha is hit by Frederik Gauthier and loses puck.
10:11 of 3rd period - Snap shot by Mattias Ekholm.
10:11 of 3rd period - Shot Blocked by Tyler Toffoli.
10:27 of 3rd period - Slapshot by Connor McDavid.
10:27 of 3rd period - Stopped by Jacob Markstrom with a rebound.
12:33 of 3rd period - Dalton Prout is hit by Troy Stetcher and loses puck.
12:42 of 3rd period - Jake Virtanen is hit by Ryan Murray and loses puck.
12:55 of 3rd period - Snap shot by Cam Barker.
12:55 of 3rd period - Deflect By Marko Dano.
12:55 of 3rd period - Shot Misses the Net.
12:55 of 3rd period - Puck is out of play.
12:56 of 3rd period - Ryan Johansen wins face-off versus Ryan Nugent-Hopkins in Jets zone.
13:05 of 3rd period - Wrist shot by Viktor Arvidsson.
13:05 of 3rd period - Shot Blocked by Marko Dano.
13:42 of 3rd period - Slapshot by Troy Stetcher.
13:42 of 3rd period - Deflect By Ryan Johansen.
13:42 of 3rd period - Shot Misses the Net.
13:42 of 3rd period - Puck is out of play.
13:43 of 3rd period - Connor McDavid wins face-off versus Max Domi in Oilers zone.
15:02 of 3rd period - Wrist shot by Viktor Arvidsson.
15:02 of 3rd period - Goal by Viktor Arvidsson - Oilers : 1 - Jets : 2.
15:03 of 3rd period - Frederik Gauthier wins face-off versus Alexander Wennberg in neutral zone.
15:06 of 3rd period - Slapshot by Brady Skjei.
15:06 of 3rd period - Stopped by Jacob Markstrom without a rebound.
15:07 of 3rd period - Frederik Gauthier wins face-off versus Alexander Wennberg in Jets zone.
15:08 of 3rd period - Slapshot by Brady Skjei.
15:08 of 3rd period - Shot Blocked by Frank Vatrano.
15:10 of 3rd period - Slapshot by Brady Skjei.
15:10 of 3rd period - Stopped by Jacob Markstrom with a rebound.
15:12 of 3rd period - Snap shot by Zach Hyman.
15:12 of 3rd period - Shot Blocked by Ryan Murray.
15:14 of 3rd period - Slapshot by Brady Skjei.
15:14 of 3rd period - Stopped by Jacob Markstrom with a rebound.
15:22 of 3rd period - Slapshot by Marco Scandella.
15:22 of 3rd period - Shot Blocked by Brady Skjei.
15:38 of 3rd period - Backhand shot by Connor McDavid.
15:38 of 3rd period - Shot Misses the Net.
15:40 of 3rd period - Snap shot by Darnell Nurse.
15:40 of 3rd period - Shot Misses the Net.
15:42 of 3rd period - Snap shot by Connor McDavid.
15:42 of 3rd period - Deflect By Alex Galchenyuk.
15:42 of 3rd period - Shot Blocked by Max Domi.
15:42 of 3rd period - Puck is out of play.
15:43 of 3rd period - Tyler Seguin wins face-off versus Leon Draisaitl in Jets zone.
15:55 of 3rd period - Off-side.
15:56 of 3rd period - Alexander Wennberg wins face-off versus Frederik Gauthier in neutral zone.
16:30 of 3rd period - Slapshot by Troy Stetcher.
16:30 of 3rd period - Deflect By Alex Galchenyuk.
16:30 of 3rd period - Stopped by Carter Hart with a rebound.
16:56 of 3rd period - Snap shot by Viktor Arvidsson.
16:56 of 3rd period - Stopped by Carter Hart with a rebound.
16:58 of 3rd period - Slapshot by Viktor Arvidsson.
16:58 of 3rd period - Stopped by Carter Hart with a rebound.
17:05 of 3rd period - Icing by Cam Barker.
17:06 of 3rd period - Noel Acciari wins face-off versus Ryan Nugent-Hopkins in Oilers zone.
17:17 of 3rd period - Wrist shot by Tyler Toffoli.
17:17 of 3rd period - Shot Misses the Net.
17:19 of 3rd period - Snap shot by Tyler Toffoli.
17:19 of 3rd period - Shot Misses the Net.
17:21 of 3rd period - Slapshot by Adam Larsson.
17:21 of 3rd period - Stopped by Carter Hart without a rebound.
17:22 of 3rd period - Max Domi wins face-off versus Frederik Gauthier in Oilers zone.
17:37 of 3rd period - Wrist shot by Alex Galchenyuk.
17:37 of 3rd period - Stopped by Carter Hart with a rebound.
17:39 of 3rd period - Slapshot by Adam Larsson.
17:39 of 3rd period - Shot Blocked by Anton Slepyshev.
18:18 of 3rd period - Snap shot by Ryan Nugent-Hopkins.
18:18 of 3rd period - Shot Misses the Net.
18:20 of 3rd period - Wrist shot by Marcus Pettersson.
18:20 of 3rd period - Shot Blocked by Mirco Mueller.
18:22 of 3rd period - Slapshot by Mattias Ekholm.
18:22 of 3rd period - Stopped by Jacob Markstrom with a rebound.
18:28 of 3rd period - Minor Penalty to Mirco Mueller for Tripping.
18:29 of 3rd period - Alexander Wennberg wins face-off versus Connor McDavid in Jets zone.
18:42 of 3rd period - Wrist shot by Connor McDavid.
18:42 of 3rd period - Shot Misses the Net.
18:44 of 3rd period - Wrist shot by Leon Draisaitl.
18:44 of 3rd period - Shot Blocked by Alexander Wennberg.
18:46 of 3rd period - Oilers, Carter Hart is pulled from the net.
18:46 of 3rd period - Slapshot by Brady Skjei.
18:46 of 3rd period - Stopped by Jacob Markstrom without a rebound.
18:47 of 3rd period - Jay Woodcroft call a timeout for Oilers.
18:47 of 3rd period - Connor McDavid wins face-off versus Alexander Wennberg in Jets zone.
18:56 of 3rd period - Wrist shot by Connor Brown.
18:56 of 3rd period - Stopped by Jacob Markstrom without a rebound.
18:57 of 3rd period - Alexander Wennberg wins face-off versus Connor McDavid in Jets zone.
19:22 of 3rd period - Slapshot by Brady Skjei.
19:22 of 3rd period - Shot Blocked by Alexander Wennberg.
19:24 of 3rd period - Slapshot by Marcus Pettersson.
19:24 of 3rd period - Shot Blocked by Dougie Hamilton.
19:55 of 3rd period - Snap shot by Leon Draisaitl.
19:55 of 3rd period - Stopped by Jacob Markstrom without a rebound.
19:56 of 3rd period - Alexander Wennberg wins face-off versus Ryan Nugent-Hopkins in Jets zone.
Goals for this period are 0 for Oilers vs 1 for Jets.
Shots for this period are 8 for Oilers vs 11 for Jets.